[Event "Early-Titled-Tuesday-Blitz-January-30-2024"]
[Site "Chess.com"]
[Date "2024.01.30"]
[Round "9"]
[White "MaxLeto"]
[Black "ErikRonka"]
[Result "0-1"]
[WhiteElo "2375"]
[BlackElo "2494"]
[TimeControl "180+1"]
[EndTime "9:48:23 PST"]
[Termination "ErikRonka won by checkmate"]

1. g4 d5 2. Bg2 c6 3. h3 h5 4. g5 e5 5. d4 Nd7 6. c4 dxc4 7. Nc3 Ne7 8. Nf3 Ng6 9. dxe5 Qe7 10. Qd4 Ndxe5 11.
Nxe5 Qxe5 12. Qxc4 Bd7 13. Be3 Be7 14. O-O-O Bxg5 15.
Rxd7 Bxe3+ 16. fxe3 Kxd7 17. Qxf7+ Ne7 18. Rd1+ Kc7 19.
Ne4 Rad8 20. Rg1 Rhf8 21. Qb3 Nd5 22. Bf3 Kb8 23. Rg5 Rf5 24. Rxf5 Qxf5 25. Qd3 Qd7 26. h4 Nf6 27. Nxf6 gxf6 28. Qc3 Qd6 29. e4 Qd1# 0-1

[Event "Early-Titled-Tuesday-Blitz-January-30-2024"]
[Site "Chess.com"]
[Date "2024.01.30"]
[Round "9"]
[White "HeroWilczek"]
[Black "olawsson"]
[Result "1-0"]
[WhiteElo "2449"]
[BlackElo "2172"]
[TimeControl "180+1"]
[EndTime "9:48:23 PST"]
[Termination "HeroWilczek won on time"]

1. d4 d6 2. e4 Nc6 3. Nf3 Nf6 4.
Nc3 Bg4 5. Be3 e6 6. h3 Bh5 7.
Be2 Be7 8. Qd2 O-O 9. g4 Bg6 10.
Bd3 d5 11. e5 Ne4 12. Qe2 Nb4 13.
h4 h5 14. gxh5 Nxd3+ 15. cxd3 Nxc3 16. bxc3 Bxh5 17. Rg1 Kh8 18. Bf4 c5 19. Qe3 Qa5 20. Rc1 cxd4 21. Nxd4 Rac8 22. Kd2 Rxc3 23. Rxc3 Rc8 24.
Rc1 Bb4 25. Ke1 Rxc3 26. Rxc3 Bxc3+ 27. Kf1 Qb6 28. Nb3 d4 29. Qg3 Bg6 30. Bc1 1-0

[Event "Early-Titled-Tuesday-Blitz-January-30-2024"]
[Site "Chess.com"]
[Date "2024.01.30"]
[Round "9"]
[White "mbojan"]
[Black "Andrey_Klymchuk"]
[Result "0-1"]
[WhiteElo "2859"]
[BlackElo "2747"]
[TimeControl "180+1"]
[EndTime "9:48:25 PST"]
[Termination "Andrey_Klymchuk won on time"]

1. e4 c5 2. Nf3 Nc6 3. Bb5 g6 4. O-O Bg7 5. c3 Nf6 6. Re1 O-O 7. d4 d5 8. e5 Ne4 9. Bxc6 bxc6 10. Be3 cxd4 11. cxd4 a5 12. Nbd2 Nxd2 13. Nxd2 a4 14.
Rc1 Qb6 15. Qc2 Bf5 16. Qxc6 Qxb2 17. Qxd5 Be6 18. Qc5 Rfc8 19. Rb1 Rxc5 20. Rxb2 a3 21. Rb7 Rc2 22. Reb1 Bxa2 23. Rb8+ Rc8 24. Rxa8 Rxa8 25. Ra1 Bd5 26. Kf1 f6 27. f4 g5 28.
g3 gxf4 29. gxf4 e6 30. Ke2 f5 31. Kd3 a2 32. Nc4 Bf8 33. Bd2 Ra4 34. Nd6 Ra3+ 35. Kc2 Be7 36. Kb2 Rh3 37. Rg1+ Kf8 38. Bb4 Rxh2+ 39.
Ka1 Rf2 40. Bc5 h5 41. Nc8 Bxc5 42. dxc5 h4 43. Nb6 Bc6 44. Rg6 h3 0-1

[Event "Early-Titled-Tuesday-Blitz-January-30-2024"]
[Site "Chess.com"]
[Date "2024.01.30"]
[Round "9"]
[White "marik_spb"]
[Black "Matibar"]
[Result "0-1"]
[WhiteElo "2474"]
[BlackElo "2820"]
[TimeControl "180+1"]
[EndTime "9:48:26 PST"]
[Termination "Matibar won by resignation"]

1. d4 d6 2. c4 e5 3. dxe5 dxe5 4. Qxd8+ Kxd8 5. g3 Be6 6. b3 c6 7. h4 Na6 8. Bb2 Nb4 9. Na3 f6 10. O-O-O+ Kc7 11. Kb1 Bf5+ 12. Ka1 a5 13. Bh3 Bxh3 14.
Nxh3 a4 15. Kb1 Bc5 16. f4 e4 17. f5 Nh6 18. Nf4 Nxf5 19. g4 Ne3 20. Ne6+ Kb6 21. Nxc5 Nxd1 22. Nxa4+ Rxa4 23. Rxd1 Raa8 24. c5+ Kc7 25. Nc4 Rhd8 26. Rd6 Nd5 27. g5 Rxd6 28. cxd6+ Kd7 29. gxf6 gxf6 30. Bxf6 b5 31. Ne5+ Kxd6 32. Bg7 Rg8 33. Nf7+ Ke7 34. Nh6 Rxg7 35. Nf5+ Kf6 36. Nxg7 Kxg7 37. a4 bxa4 38. bxa4 Nc3+ 39. Kc2 Nxa4 40.
Kb3 Nb6 41. Kb4 Nd7 42. Kc4 Kf6 43. Kd4 Kf5 44. e3 h5 0-1

[Event "Early-Titled-Tuesday-Blitz-January-30-2024"]
[Site "Chess.com"]
[Date "2024.01.30"]
[Round "9"]
[White "Bkmzzzzz"]
[Black "atalz0"]
[Result "0-1"]
[WhiteElo "2341"]
[BlackElo "2475"]
[TimeControl "180+1"]
[EndTime "9:48:26 PST"]
[Termination "atalz0 won by resignation"]

1. e4 d5 2. exd5 Nf6 3. Nf3 Nxd5 4. c4 Nb6 5. Nc3 Bg4 6. d4 e5 7. dxe5 Qxd1+ 8. Nxd1 Nc6 9. Be2 Bb4+ 10. Bd2 Bxf3 11. gxf3 Bxd2+ 12. Kxd2 O-O-O+ 13. Kc3 Na4+ 14. Kb3 Nc5+ 15. Kc3 Nxe5 16. b3 Rhe8 17. Ne3 g6 18. Rad1 Ne6 19.
Nd5 f5 20. f4 Nd7 21. Bf3 c6 22. Ne3 Nxf4 23. h4 Nf6 24. Kc2 Ne4 25. Bxe4 Rxe4 26. a4 Rxd1 27. Kxd1 Nd3 28. Ke2 Nc5 29. Kf3 Nxb3 30. h5 Nd4+ 31. Kg3 f4+ 32. Kg4 fxe3+ 33. Kg5 e2 0-1

[Event "Early-Titled-Tuesday-Blitz-January-30-2024"]
[Site "Chess.com"]
[Date "2024.01.30"]
[Round "9"]
[White "vasblesk"]
[Black "JeFumeDesClopes"]
[Result "0-1"]
[WhiteElo "2747"]
[BlackElo "2596"]
[TimeControl "180+1"]
[EndTime "9:48:28 PST"]
[Termination "JeFumeDesClopes won by resignation"]

1. d4 Nf6 2. c4 c5 3. d5 b5 4.
cxb5 a6 5. e3 axb5 6. Bxb5 Qa5+ 7. Nc3 Bb7 8. Bc4 e6 9. Bd2 Qb6 10. e4 Nxe4 11. Nxe4 exd5 12. Qe2 dxe4 13. Bc3 d5 14. Bb5+ Bc6 15. Bxc6+ Qxc6 16. Nf3 Be7 17. Ne5 Qa6 18. Qg4 Qe6 19. Qxg7 Bf6 20. Qg4 d4 21. Qxe6+ fxe6 22. Ng4 Bg7 23. Bxd4 cxd4 24. f3 h5 25. Nf2 e3 26. Nd3 Nc6 27. f4 e5 28.
Rc1 e4 29. Nc5 d3 30. O-O e2 31. Rf2 e3 32. Nxd3 exf2+ 33. Kxf2 Nd4 34. Rc8+ Rxc8 0-1

[Event "Early-Titled-Tuesday-Blitz-January-30-2024"]
[Site "Chess.com"]
[Date "2024.01.30"]
[Round "9"]
[White "xakevicius91"]
[Black "RobertoJBM"]
[Result "1-0"]
[WhiteElo "2598"]
[BlackElo "2802"]
[TimeControl "180+1"]
[EndTime "9:48:28 PST"]
[Termination "xakevicius91 won by resignation"]

1. e4 c6 2. d4 d5 3. e5 Bf5 4. Nd2 e6 5. Nb3 Nd7 6. Nf3 a6 7. Be2 Rc8 8. O-O c5 9. dxc5 Nxc5 10. Nfd4 Bg6 11. Be3 Nh6 12. c3 Nf5 13. Nxf5 Bxf5 14. Nd4 Bg6 15. f4 Be4 16. Qe1 g6 17. Qf2 Be7 18.
Rfd1 Na4 19. Rd2 O-O 20. Bf3 Nc5 21. Nb3 Nxb3 22. axb3 Bxf3 23. Qxf3 Qc7 24. Bd4 Qc6 25. b4 Rfd8 26. g4 Bf8 27. f5 Qd7 28. Rf1 Rc4 29.
Rdf2 exf5 30. gxf5 Bg7 31. e6 fxe6 32. f6 Rf8 33. f7+ Kh8 34. Bxg7+ Kxg7 35. Qf6+ Kh6 36. Rf4 e5 37. Qxe5 Rxf4 38. Qxf4+ Kg7 39. Qf6+ Kh6 40.
Rf4 1-0

[Event "Early-Titled-Tuesday-Blitz-January-30-2024"]
[Site "Chess.com"]
[Date "2024.01.30"]
[Round "9"]
[White "esrosenberg"]
[Black "aksuliini1"]
[Result "1-0"]
[WhiteElo "2415"]
[BlackElo "2511"]
[TimeControl "180+1"]
[EndTime "9:48:28 PST"]
[Termination "esrosenberg won by resignation"]

1. c4 c5 2. g3 Nc6 3. Bg2 g6 4. Nc3 Bg7 5. a3 e6 6. b4 Nxb4 7. axb4 cxb4 8. Bb2 bxc3 9. Bxc3 Bxc3 10. dxc3 d6 11.
Nh3 Nf6 12. O-O O-O 13. Rb1 Qc7 14. Nf4 Rd8 15. Qd3 Rb8 16. Rfd1 b6 17. h4 Bb7 18.
h5 Bxg2 19. Kxg2 Kg7 20. Rh1 Qc6+ 21. f3 Rbc8 22. h6+ Kf8 23. Rb4 e5 24. Nd5 Nxd5 25.
cxd5 Qxc3 26. Qb1 Qd2 27. Rb2 Qxd5 28. Qa1 Rc7 29. Rd1 Qc5 30. Ra2 a5 31. f4 Ke7 32. Rad2 Rcd7 33. Rd5 Qc4 34. fxe5 Qxe2+ 35. Kh1 Qh5+ 36. Kg1 dxe5 37. Rxe5+ Kf8 38. Rxd7 Rxd7 39. Rxh5 gxh5 40. Qg7+ Ke7 41. Qxh7 1-0

[Event "Early-Titled-Tuesday-Blitz-January-30-2024"]
[Site "Chess.com"]
[Date "2024.01.30"]
[Round "9"]
[White "elgrona"]
[Black "ImportedItalianMaple"]
[Result "0-1"]
[WhiteElo "2330"]
[BlackElo "2472"]
[TimeControl "180+1"]
[EndTime "9:48:28 PST"]
[Termination "ImportedItalianMaple won on time"]

1. Nf3 Nf6 2. b3 d5 3. Bb2 Bf5 4. e3 e6 5. Nh4 Bg4 6. f3 Bh5 7. g3 Be7 8. Nc3 Nbd7 9. Ne2 c6 10. Nf4 Bg6 11. Nhxg6 hxg6 12. Bd3 e5 13. Ng2 Bd6 14. f4 Qe7 15. O-O O-O-O 16. c3 e4 17. Be2 Rh3 18. Bg4 Nxg4 19. Qxg4 Rh6 20. h4 f5 21.
Qe2 Nf6 22. c4 Ng4 23. cxd5 cxd5 24. Rac1+ Kb8 25. Rc2 Rh7 26. Rfc1 g5 27. Qb5 gxh4 28. Qxd5 hxg3 29. Be5 Bxe5 30. fxe5 g5 31. Qc4 Rh1+ 0-1

[Event "Early-Titled-Tuesday-Blitz-January-30-2024"]
[Site "Chess.com"]
[Date "2024.01.30"]
[Round "9"]
[White "Heinza9"]
[Black "Muslim_player_05"]
[Result "0-1"]
[WhiteElo "2303"]
[BlackElo "2492"]
[TimeControl "180+1"]
[EndTime "9:48:28 PST"]
[Termination "Muslim_player_05 won by checkmate"]

1. e4 e5 2. Nf3 Nc6 3. Nc3 Nf6 4. d4 exd4 5. Nd5 Nb4 6. Bc4 Nbxd5 7. exd5 Bb4+ 8.
Bd2 Qe7+ 9. Qe2 Bxd2+ 10. Kxd2 Qxe2+ 11. Kxe2 a6 12. a4 b6 13. Nxd4 Bb7 14. d6 c5 15.
Nf5 O-O 16. f3 g6 17. Ne7+ Kg7 18. Kf2 Rfe8 19. Rhe1 h5 20. Re2 h4 21. Rae1 Rh8 22.
Re5 Raf8 23. c3 Ne8 24. Rd1 Nf6 25. Rde1 Re8 26. Kg1 Rd8 27. Kf2 Rdf8 28. Kg1 h3 29.
Kf2 hxg2 30. Kxg2 Rh4 31. b3 Rfh8 32. R1e2 Rxh2+ 33. Kg3 R8h3+ 34. Kf4 Rxf3+ 35. Kg5 Rh5# 0-1

[Event "Early-Titled-Tuesday-Blitz-January-30-2024"]
[Site "Chess.com"]
[Date "2024.01.30"]
[Round "9"]
[White "Adar_07"]
[Black "Shuvalov"]
[Result "1-0"]
[WhiteElo "2641"]
[BlackElo "2465"]
[TimeControl "180+1"]
[EndTime "9:48:29 PST"]
[Termination "Adar_07 won on time"]

1. Nf3 d5 2. g3 Nf6 3. Bg2 g6 4. O-O Bg7 5. d3 O-O 6. Nbd2 c5 7. c4 Nc6 8. cxd5 Qxd5 9. Nc4 Qh5 10. Be3 Be6 11.
Rc1 Rac8 12. h3 Bxh3 13. Bxh3 Qxh3 14. Bxc5 Ng4 15. Ne3 Bh6 16. Nxg4 Bxc1 17. Nf6+ exf6 18. Bxf8 Kxf8 19. Qxc1 Nd4 20. Qe3 Nxf3+ 21. Qxf3 Kg7 22. Qxb7 Rc2 23. Re1 Qe6 24. Qxa7 Rxb2 25. a4 Rxe2 26. Rxe2 Qxe2 27. Qd4 Qd1+ 28. Kg2 h5 29. a5 g5 30. a6 g4 31. a7 Qf3+ 32. Kh2 Qb7 33. Qc5 Kg6 34. d4 h4 35. gxh4 Qf3 36. d5 g3+ 37.
fxg3 Qe2+ 38. Kg1 Qd1+ 39. Kf2 Qd2+ 40. Kf3 Qd3+ 41. Qe3 Qf1+ 42. Ke4 Qb1+ 43. Qd3 Qa2 44. d6 f5+ 45. Kf3 Qxa7 46. d7 Qb7+ 47. Ke2 Qg2+ 48. Kd1 Qh1+ 49. Kc2 Qc6+ 50. Kd2 Qg2+ 51. Kc3 Qc6+ 52.
Kb4 Qb7+ 53. Qb5 Qe4+ 54. Ka5 Qa8+ 55. Qa6+ 1-0

[Event "Early-Titled-Tuesday-Blitz-January-30-2024"]
[Site "Chess.com"]
[Date "2024.01.30"]
[Round "9"]
[White "crazy_but_lazy"]
[Black "InitiatingASC"]
[Result "1-0"]
[WhiteElo "2595"]
[BlackElo "2427"]
[TimeControl "180+1"]
[EndTime "9:48:31 PST"]
[Termination "crazy_but_lazy won by checkmate"]

1. Nf3 Nc6 2. d4 d5 3. g3 Bg4 4.
Bg2 Nf6 5. O-O Qd7 6. Re1 O-O-O 7. Nc3 Bxf3 8. exf3 e6 9. Be3 Ne8 10. b3 Nd6 11. Na4 Nf5 12. Qd2 Kb8 13. c3 h5 14.
Rad1 g6 15. Bg5 Be7 16. Nc5 Qe8 17. Bxe7 Ncxe7 18. a4 b6 19. Nd3 a5 20. Ra1 Nc6 21.
Reb1 Kc8 22. Rc1 Kd7 23. b4 axb4 24. cxb4 Ncxd4 25. Ra3 Qe7 26. Rac3 Rc8 27. Ne5+ Ke8 28. g4 Qxb4 29. gxf5 gxf5 30. Qg5 Ne2+ 31. Kh1 Nxc3 32. Nc6 Qa3 33. Rxc3 Qa1+ 34. Rc1 f6 35. Qg6+ Kd7 36. Qf7+ Kd6 37. Qe7# 1-0

[Event "Early-Titled-Tuesday-Blitz-January-30-2024"]
[Site "Chess.com"]
[Date "2024.01.30"]
[Round "9"]
[White "NovakRatko"]
[Black "AustinThomas12345"]
[Result "0-1"]
[WhiteElo "2383"]
[BlackElo "2504"]
[TimeControl "180+1"]
[EndTime "9:48:31 PST"]
[Termination "AustinThomas12345 won on time"]

1. d4 Nf6 2. c4 g6 3. Nc3 d5 4. f3 Nc6 5. e4 dxe4 6. d5 Ne5 7.
fxe4 Bg7 8. Bf4 Nh5 9. Bg5 Bg4 10. Be2 Bxe2 11. Qxe2 h6 12. Bh4 O-O 13. Nh3 c6 14. O-O Nf6 15. dxc6 bxc6 16. Rad1 Qb6+ 17. Bf2 Qb4 18.
Rd4 c5 19. a3 Qb3 20. Rdd1 Qxc4 21. Qxc4 Nxc4 22. Bxc5 Nxb2 23. Rb1 Rfc8 24. Bxe7 Rxc3 25.
Bxf6 Bxf6 26. Rxf6 Nd3 27. Nf2 Ne5 28. Ra6 Rac8 29. h3 R8c7 30. Rb8+ Kg7 31. Ra8 Rc1+ 32. Kh2 R7c2 33. Ng4 Nxg4+ 34. hxg4 Re1 35. R6xa7 Ree2 36. Rd8 Rxg2+ 37. Kh1 Rge2 38. Rd1 Rxe4 39. Rf1 h5 40. Raxf7+ Kh6 41. gxh5 Kxh5 42. Rh7+ Kg5 43. Rg1+ Rg4 0-1

[Event "Early-Titled-Tuesday-Blitz-January-30-2024"]
[Site "Chess.com"]
[Date "2024.01.30"]
[Round "9"]
[White "ACollins05"]
[Black "GianmarcoVaR"]
[Result "1-0"]
[WhiteElo "2512"]
[BlackElo "2698"]
[TimeControl "180+1"]
[EndTime "9:48:32 PST"]
[Termination "ACollins05 won on time"]

1. d4 Nf6 2. c4 e6 3. Nf3 d5 4. g3 Bb4+ 5. Nbd2 dxc4 6. Bg2 b5 7. Ne5 Nd5 8. a4 c6 9. O-O O-O 10. Qc2 Bb7 11. Ne4 Nd7 12. Nf3 Rc8 13. Nfg5 g6 14.
h4 c5 15. Nd6 cxd4 16. Nxc8 Qxc8 17. axb5 Qc5 18. h5 Qxb5 19. hxg6 hxg6 20. Nxe6 d3 21. exd3 cxd3 22. Nc7 Nxc7 23. Qxc7 Bxg2 24. Kxg2 d2 25.
Bxd2 Bxd2 26. Rfd1 Qd5+ 27. Kg1 Ne5 28. Ra3 Re8 29.
Qc2 Nf3+ 30. Rxf3 Qxf3 31. Qxd2 Re2 32. Qd8+ Kg7 33. Qd4+ Kg8 34. Rc1 Re8 35. Qxa7 Qb3 36. Qd4 1-0

[Event "Early-Titled-Tuesday-Blitz-January-30-2024"]
[Site "Chess.com"]
[Date "2024.01.30"]
[Round "9"]
[White "noblerone"]
[Black "ejalmedina"]
[Result "1-0"]
[WhiteElo "2484"]
[BlackElo "2301"]
[TimeControl "180+1"]
[EndTime "9:48:32 PST"]
[Termination "noblerone won on time"]

1. e4 c6 2. d4 d5 3. exd5 cxd5 4. Bd3 Nc6 5. c3 Qc7 6. h3 e6 7. Nf3 Bd6 8. Be3 Nge7 9. Nbd2 Bd7 10. Qe2 f6 11. g4 O-O-O 12. O-O-O e5 13. dxe5 fxe5 14.
Bc2 h6 15. Nb3 b6 16. Kb1 Kb8 17. Nh4 Rhf8 18. Ng6 Nxg6 19. Bxg6 Be6 20. Rhe1 Bg8 21. Bf5 Ne7 22. Bc2 Nc6 23. Ka1 Rde8 24. Bg6 Rd8 25.
Bc1 Ne7 26. Bd3 Nc6 27. Bb5 Ne7 28. Bd2 Ng6 29. Nc1 Nf4 30. Bxf4 Rxf4 31. Nd3 Rf6 32.
Nxe5 Bxe5 33. Qxe5 Qxe5 34. Rxe5 Rxf2 35. Re7 d4 36. cxd4 Rxd4 37. Rxd4 1-0

[Event "Early-Titled-Tuesday-Blitz-January-30-2024"]
[Site "Chess.com"]
[Date "2024.01.30"]
[Round "9"]
[White "Djager97"]
[Black "Korchmar_Vasiliy"]
[Result "0-1"]
[WhiteElo "2562"]
[BlackElo "2715"]
[TimeControl "180+1"]
[EndTime "9:48:33 PST"]
[Termination "Korchmar_Vasiliy won on time"]

1. e4 c5 2. Nf3 a6 3. Nc3 b5 4. d4 b4 5. Na4 cxd4 6. Nxd4 Bb7 7. Nc5 Bc6 8. Bc4 e6 9. Nxc6 Nxc6 10. Nd3 Nf6 11. e5 Ne4 12. Qg4 Nc5 13. Nxc5 Nxe5 14. Qd4 Nxc4 15. Qxc4 Rc8 16. Be3 Qc7 17. Qxa6 Bxc5 18.
Bxc5 Qxc5 19. O-O Qxc2 20. Rad1 O-O 21. Rxd7 Qxb2 22. h3 h6 23. Rfd1 Ra8 24. Ra7 Qc2 25. Rdd7 Qc1+ 26. Kh2 Qf4+ 27. Kg1 Rxa7 28. Qxa7 Rc8 29.
Rd1 Rc2 30. g3 Qf3 31. Re1 Kh7 32. Rf1 h5 33. Qd4 Rxa2 34. Qxb4 f5 35. Qc4 Re2 36. h4 e5 37. Qe6 e4 38. Qf7 e3 0-1

[Event "Early-Titled-Tuesday-Blitz-January-30-2024"]
[Site "Chess.com"]
[Date "2024.01.30"]
[Round "9"]
[White "Louis-Paulsen-Fan"]
[Black "korkmaz16"]
[Result "0-1"]
[WhiteElo "2280"]
[BlackElo "2463"]
[TimeControl "180+1"]
[EndTime "9:48:33 PST"]
[Termination "korkmaz16 won on time"]

1. d4 d5 2. Nf3 Nf6 3. c4 c6 4. Nc3 e6 5. Bg5 Nbd7 6. e3 Qa5 7. cxd5 Nxd5 8. Qd2 Bb4 9. Rc1 O-O 10. Bd3 Re8 11. O-O e5 12. e4 exd4 13. exd5 dxc3 14.
bxc3 Ba3 15. dxc6 Ne5 16. Rce1 Nxf3+ 17. gxf3 Be6 18. cxb7 Rab8 19. Be4 Bc4 20. Bf4 Bxf1 21. Bxb8 Rxb8 22. Rxf1 Qc7 23. Rd1 g6 24. Qd7 Qf4 25. Qc8+ Kg7 26. Rd8 Bd6 27. Rg8+ Kf6 28. Qxb8 Bxb8 29.
Kf1 Qxh2 30. Rc8 Qe5 31. c4 Qa1+ 32. Kg2 Qe5 33. c5 Kg5 0-1

[Event "Early-Titled-Tuesday-Blitz-January-30-2024"]
[Site "Chess.com"]
[Date "2024.01.30"]
[Round "9"]
[White "Irishchessman16"]
[Black "mary-sanna"]
[Result "1-0"]
[WhiteElo "2483"]
[BlackElo "2186"]
[TimeControl "180+1"]
[EndTime "9:48:33 PST"]
[Termination "Irishchessman16 won on time"]

1. d4 d5 2. Bg5 Nf6 3. Bxf6 exf6 4. e3 Be7 5. c4 c6 6. Nc3 O-O 7. cxd5 cxd5 8. g3 Nc6 9. Bg2 Be6 10. Nge2 Qb6 11. Qd2 Rfd8 12. O-O Rac8 13. Nf4 Bb4 14. Rfc1 Ne7 15. Rc2 Rc7 16. a3 Bxc3 17. Rxc3 Rxc3 18. Qxc3 Rc8 19. Qd2 Qc6 20. Kf1 Qc2 21. Ke1 Kf8 22. h4 Ke8 23. Nd3 Kd7 24. Nc5+ Rxc5 25. dxc5 Qxc5 26.
Rc1 Qb6 27. Kf1 f5 28. Kg1 h6 29. Qc3 g5 30. Qf6 gxh4 31. gxh4 h5 32. b4 Qa6 33. Qc3 Nc6 34. Bf1 Qb6 35. b5 Ne7 36.
a4 Qd6 37. f4 a6 38. a5 axb5 39. Bxb5+ Kd8 40. Qd4 Nc8 41. Qh8+ Ke7 42. Rxc8 Bxc8 43. Qxc8 Qg6+ 44. Kf2 Qg4 45. Qc7+ Kf8 46. Qd8+ Kg7 47. Qg5+ Kf8 48. Qxg4 fxg4 49. Bc6 1-0

[Event "Early-Titled-Tuesday-Blitz-January-30-2024"]
[Site "Chess.com"]
[Date "2024.01.30"]
[Round "9"]
[White "shirovin"]
[Black "Pastore1978"]
[Result "0-1"]
[WhiteElo "2044"]
[BlackElo "2281"]
[TimeControl "180+1"]
[EndTime "9:48:33 PST"]
[Termination "Pastore1978 won on time"]

1. e4 e6 2. Nf3 d5 3. e5 c5 4.
b4 d4 5. Bb2 Nc6 6. Bb5 Qb6 7.
Bxc6+ bxc6 8. O-O Qxb4 9. Ba3 Qa5 10. c3 Ba6 11. Re1 d3 12. Qb3 c4 13. Qb2 Qb5 14. Qc1 Ne7 15. Bd6 Nf5 16. Bxf8 Rxf8 17. a4 Qc5 18.
Qa3 Qxa3 19. Nxa3 c5 20. Rab1 Kd7 21. Nb5 Rfb8 22. g4 Ne7 23. Nd6 Rf8 24. Nb7 Kc6 25.
Nd6 Nd5 26. Rb2 Nf4 27. Reb1 Ne2+ 28. Kf1 f6 29. Ne4 fxe5 30. Nxe5+ Kc7 0-1

[Event "Early-Titled-Tuesday-Blitz-January-30-2024"]
[Site "Chess.com"]
[Date "2024.01.30"]
[Round "9"]
[White "IMRosen"]
[Black "Barmen_EV"]
[Result "1-0"]
[WhiteElo "2711"]
[BlackElo "2481"]
[TimeControl "180+1"]
[EndTime "9:48:35 PST"]
[Termination "IMRosen won by checkmate"]

1. c4 f5 2. Nf3 Nf6 3. d4 g6 4. Bf4 Bg7 5. e3 O-O 6. Nc3 d6 7. c5 Qe8 8. Qb3+ Kh8 9. h4 Na6 10. cxd6 cxd6 11. Be2 Nh5 12. Bh2 e5 13. O-O-O Nc7 14.
Ng5 h6 15. Bxh5 gxh5 16. Nf3 Be6 17. Qa3 Rc8 18. Kb1 Nb5 19. Nxb5 Qxb5 20. Qxd6 Qc4 21. d5 e4 22. Ne5 Qc2+ 23. Ka1 Bf7 24. Nxf7+ Rxf7 25. Be5 Rfc7 26. Qxh6+ Kg8 27. Qe6+ Kh8 28. a3 a5 29. Rc1 Qxc1+ 30. Rxc1 Rxc1+ 31. Ka2 Rg8 32. Qh6# 1-0

[Event "Early-Titled-Tuesday-Blitz-January-30-2024"]
[Site "Chess.com"]
[Date "2024.01.30"]
[Round "9"]
[White "NtcPou"]
[Black "Alenzer"]
[Result "1-0"]
[WhiteElo "2072"]
[BlackElo "2125"]
[TimeControl "180+1"]
[EndTime "9:48:36 PST"]
[Termination "NtcPou won on time"]

1. e4 c5 2. Nf3 e6 3. g3 Nc6 4. Bg2 a6 5. O-O h5 6. d4 cxd4 7. Nxd4 h4 8. c4 hxg3 9. hxg3 Bc5 10. Be3 Qb6 11. Nc2 Bxe3 12. Nxe3 Qxb2 13. Nd2 Qf6 14. c5 Qh6 15. Ng4 Qh5 16. Nc4 Qxc5 17. Nd6+ Ke7 18. Nxc8+ Rxc8 19. Rc1 Qh5 20. f3 Nf6 21. Ne3 Qh2+ 22.
Kf2 Qh5 23. Qb3 b5 24. Qa3+ b4 25. Qxa6 Ne5 26. Rh1 Qg6 27. Rxh8 Rxh8 28. Qb5 Nh5 29. Qxb4+ 1-0

[Event "Early-Titled-Tuesday-Blitz-January-30-2024"]
[Site "Chess.com"]
[Date "2024.01.30"]
[Round "9"]
[White "Flaccidmoves"]
[Black "NowInChess"]
[Result "1-0"]
[WhiteElo "2457"]
[BlackElo "2281"]
[TimeControl "180+1"]
[EndTime "9:48:37 PST"]
[Termination "Flaccidmoves won on time"]

1. c4 e5 2. Nc3 Nc6 3. g3 g6 4. Bg2 Bg7 5. Nf3 d6 6. O-O f5 7. d3 Nf6 8. Bg5 h6 9. Bxf6 Qxf6 10. Nd5 Qf7 11. b4 O-O 12. b5 Nd8 13. Rb1 Ne6 14.
a4 a5 15. Nd2 Kh7 16. Nb3 g5 17. Qd2 g4 18. Nxa5 b6 19. Nc6 Rxa4 20. Ra1 Rxa1 21. Rxa1 h5 22. Ra7 f4 23. Be4+ Kh8 24. Qe1 fxg3 25.
hxg3 h4 26. gxh4 Bf6 27. Qd2 Bg7 28. Qe3 Nd4 29. Rxc7 Bd7 30. Nce7 Ra8 31. Rxd7 Ra1+ 32. Kg2 1-0

[Event "Early-Titled-Tuesday-Blitz-January-30-2024"]
[Site "Chess.com"]
[Date "2024.01.30"]
[Round "9"]
[White "Bilan_Danila"]
[Black "DeArron_Fox"]
[Result "0-1"]
[WhiteElo "2604"]
[BlackElo "2477"]
[TimeControl "180+1"]
[EndTime "9:48:39 PST"]
[Termination "DeArron_Fox won by resignation"]

1. d4 d5 2. Nf3 Nf6 3. e3 c5 4. b3 Nc6 5. Bb2 Bg4 6. Nbd2 e6 7. a3 Bd6 8. Bd3 O-O 9. O-O Re8 10. h3 Bh5 11. c4 cxd4 12. exd4 Bf4 13. Be2 Ne4 14.
Nxe4 dxe4 15. Ne5 Bxe2 16. Qxe2 Bxe5 17. dxe5 Qd3 18. Qxd3 exd3 19. Rad1 Red8 20. Bc3 Nd4 21. Bxd4 Rxd4 22. Rd2 Rad8 23. f3 f6 24. exf6 gxf6 25.
Kf2 e5 26. Rfd1 f5 27. g4 f4 28. Re1 Re8 29. h4 Kf7 30. Red1 Red8 31. Re1 Kf6 32. Rc1 b6 33. b4 Rc8 34. Rc3 Rcxc4 35. Rxc4 Rxc4 36.
Rxd3 Rc2+ 37. Kg1 e4 38. fxe4 Ke5 39. Rd7 Kxe4 40. Rxh7 Kf3 41. g5 Kg3 42. Kf1 f3 43. Re7 Rc1+ 44. Re1 Rxe1+ 45. Kxe1 Kg2 46. g6 f2+ 47. Kd2 f1=Q 48. h5 Qf4+ 49. Kc3 Qg5 50. Kc4 Qxh5 51. b5 Qxg6 52. a4 0-1

[Event "Early-Titled-Tuesday-Blitz-January-30-2024"]
[Site "Chess.com"]
[Date "2024.01.30"]
[Round "9"]
[White "SirGerhard"]
[Black "Lion-Al-Messi"]
[Result "0-1"]
[WhiteElo "2741"]
[BlackElo "2587"]
[TimeControl "180+1"]
[EndTime "9:48:40 PST"]
[Termination "Lion-Al-Messi won by resignation"]

1. d4 Nf6 2. Bg5 d5 3. e3 Bf5 4.
Bd3 Bxd3 5. Qxd3 c6 6. Nd2 h6 7. Bxf6 exf6 8. Ne2 Be7 9. O-O O-O 10. c4 dxc4 11. Nxc4 Nd7 12. Rfd1 Nb6 13. Rac1 Qd5 14. Ng3 g6 15. e4 Qb5 16. b3 Rad8 17. Qe3 Kg7 18. f4 Rfe8 19. f5 Bf8 20. fxg6 fxg6 21.
Qf2 Qg5 22. h4 Qg4 23. h5 Nxc4 24. bxc4 Bd6 25. Rd3 Bxg3 26. Rxg3 Qxh5 27. Rf1 Rf8 28. d5 Qe5 29. Qe3 cxd5 30. cxd5 b6 31. Rh3 h5 32. Rhf3 Rc8 33. Rf4 Rc2 34. Qa3 Qd4+ 35. Kh1 Qb2 36. Qe7+ Rf7 37. Qe6 Rxg2 38. Qh3 Rg5 39. d6 Qd2 40. e5 Rxe5 41. Rg1 Qd5+ 42. Rf3 Re3 43. Rg3 Re1+ 44. Kh2 Re2+ 45. Rg2 Qxd6+ 46.
Kg1 Re1+ 47. Kf2 Rfe7 48. Rxg6+ Kxg6 49. Rg3+ Kh6 0-1

[Event "Early-Titled-Tuesday-Blitz-January-30-2024"]
[Site "Chess.com"]
[Date "2024.01.30"]
[Round "9"]
[White "Alexchess1984"]
[Black "Orest_Vovk"]
[Result "1-0"]
[WhiteElo "2735"]
[BlackElo "2500"]
[TimeControl "180+1"]
[EndTime "9:48:40 PST"]
[Termination "Alexchess1984 won by resignation"]

1. e4 g5 2. d4 g4 3. Nc3 Bg7 4. Be3 h5 5. Qd2 d6 6. h3 c6 7. hxg4 hxg4 8. Rxh8 Bxh8 9. Nge2 Qa5 10. Nc1 Nd7 11.
Nb3 Qh5 12. O-O-O a5 13. a4 b5 14. axb5 a4 15. Na1 cxb5 16. Bxb5 a3 17. bxa3 Rxa3 18. Nb3 Kf8 19. Kb2 Ra8 20. Ra1 Rb8 21. Bxd7 Bxd7 22. Ra7 Be6 23. d5 Bc8 24. Bd4 Bxd4 25.
Qxd4 Nf6 26. Rc7 Bd7 27. Qa7 Rd8 28. Qd4 Be8 29. Nd1 Nd7 30. Ne3 Ne5 31. Nc4 Ng6 32.
Rb7 Qh1 33. e5 dxe5 34. Nxe5 Nxe5 35. Qxe5 Rd7 36. Rb8 f6 37. Qe6 Qxg2 38. Qxd7 1-0

[Event "Early-Titled-Tuesday-Blitz-January-30-2024"]
[Site "Chess.com"]
[Date "2024.01.30"]
[Round "9"]
[White "Onthequiet"]
[Black "DrCeltic"]
[Result "1-0"]
[WhiteElo "2423"]
[BlackElo "2526"]
[TimeControl "180+1"]
[EndTime "9:48:40 PST"]
[Termination "Onthequiet won on time"]

1. d4 Nf6 2. Nf3 d5 3. c4 c6 4.
e3 Bf5 5. Nc3 e6 6. Qb3 Qb6 7.
c5 Qc7 8. Bd2 Nbd7 9. Be2 b6 10.
cxb6 axb6 11. Rc1 Be7 12. h3 h6 13. O-O O-O 14. a3 Rab8 15. Qd1 Rfe8 16. b4 c5 17. Nb5 Qb7 18. Bc3 c4 19. Ne5 Ne4 20. Ba1 Ra8 21. g4 Bh7 22. Kg2 Nxe5 23. dxe5 Qd7 24. Bxc4 Rec8 25. Be2 h5 26. Rxc8+ Rxc8 27. Bd4 Bd8 28. f3 hxg4 29. fxe4 Bxe4+ 30. Kh2 gxh3 31. Nd6 Bg2 32.
Rf2 f5 33. Nxc8 Bh4 34. Rxg2 hxg2 35. Kxg2 Qxc8 36. Kh3 1-0